 Dungeon Crawl Stone Soup version 0.29.1-1-gd02db6906a (webtiles) character file.

Game seed: 6982370906833108300

9444 MisterFreud the Spry (level 11, -1/78 (81) HPs)
             Began as a Felid Berserker on Oct 6, 2022.
             Was an Elder of Trog.
             Slain by a hell rat (7 damage)
             ... on level 2 of the Lair of Beasts.
             The game lasted 00:21:03 (14578 turns).

MisterFreud the Spry (Felid Berserker)             Turns: 14578, Time: 00:21:05

HP:   -1/78 (81)    AC:  3    Str: 13    XL:     11   Next: 23%
MP:   12/12         EV: 31    Int:  9    God:    Trog [****..]
Gold: 762           SH:  0    Dex: 20    Spells: 10/10 levels left
                                        Lives: 0   Deaths: 3

rFire   . . .      SeeInvis +     - Unarmed
rCold   + . .      Faith    .   (shield unavailable)
rNeg    . . .      Spirit   .   (body armour unavailable)
rPois   .          Reflect  .   (helmet unavailable)
rElec   .          Harm     .   (cloak unavailable)
rCorr   .          Rampage  .   (gloves unavailable)
Will    +++++                   (boots unavailable)
Stlth   ..........              p - amulet of regeneration
HPRegen 2.03/turn               r - ring of willpower
MPRegen 0.13/turn               F - ring of willpower

@: berserking, strong-willed, regenerating, lightly drained, very quick
A: very small, claws 1, fangs 3, see invisible, speed 1, shaggy fur 3, stealthy
paws, no weapons or thrown items, no armour, multi-lived
a: Renounce Religion, Berserk, Trog's Hand, Brothers in Arms


You were on level 2 of the Lair of Beasts.
You worshipped Trog.
Trog was greatly pleased with you.
You visited 2 branches of the dungeon, and saw 13 of its levels.
You also visited: Ossuary.

You collected 762 gold pieces.

Inventory:

Jewellery
 p - an amulet of regeneration (around neck)
 r - a ring of willpower (left paw)
 u - a +6 ring of dexterity
 D - an amulet of guardian spirit
 E - a ring of protection from cold
 F - a ring of willpower (right paw)
 I - a ring of protection from fire
Wands
 e - a wand of roots (8)
 x - a wand of quicksilver (4)
 y - a wand of paralysis (6)
 G - a wand of polymorph (5)
Scrolls
 a - a scroll of blinking
 d - 6 scrolls of vulnerability
 j - 10 scrolls of teleportation
 m - 3 scrolls of magic mapping
 o - 6 scrolls of fear
 z - 2 scrolls of identify
 A - 2 scrolls of enchant weapon
 H - a scroll of silence
Potions
 b - 6 potions of lignification
 c - a potion of might
 f - a potion of flight
 g - 2 potions of magic
 h - 4 potions of mutation
 i - 3 potions of berserk rage
 k - a potion of degeneration {unknown}
 l - 4 potions of heal wounds
 n - 9 potions of curing
 q - a potion of attraction {unknown}
 s - 4 potions of brilliance
 v - 2 potions of haste
 w - 2 potions of cancellation {unknown}
Miscellaneous
 t - a tin of tremorstones (2/2)
 B - a tin of tremorstones (2/2)
 C - a phantom mirror


   Skills:
 - Level 10.0 Fighting
 + Level 15.8 Dodging
 - Level 10.0 Stealth
 + Level 10.8 Unarmed Combat
 - Level 10.0 Evocations


You had 10 spell levels left.
You didn't know any spells.
Your spell library was empty.

Dungeon Overview and Level Annotations

Branches:
Dungeon (11/15)            Temple (0/1) D:7            Lair (2/5) D:11
 Shoals (0/4) Lair:2        Snake (0/4) Lair:2          Orc (0/2) D:11
Ossuary (visited)

Altars:
Ashenzari
Gozag
Hepliaklqana
Makhleb
Nemelex Xobeh
Okawaru
Ru
Vehumet
Wu Jian
Zin

Shops:
D:1 [   D:8 ?=[=   D:9 =(:(!

Annotations:
D:4 2 transporters, diceflayer's ghost, novice DsFi
D:11 1 runed translucent door, p0werm0de's ghost, novice MeEE


Innate Abilities, Weirdness & Mutations

You have sharp claws.
You have razor-sharp teeth.
You have supernaturally acute eyesight. (SInv)
You cover ground quickly. (Speed+)
Your thick and shaggy fur keeps you warm. (AC +3, rC+)
Your paws help you pounce on unaware monsters.
You are incapable of wielding weapons or throwing items.
You cannot wear armour.
You gain extra lives every three experience levels.


Message History

The blink frog barely misses you.
You closely miss the blink frog. The blink frog hits you!
The blink frog blinks!
There are monsters nearby!
The blink frog gives a loud, deep croak!
The hell rat roars deafeningly!
You claw the blink frog!
The blink frog is moderately wounded.
You hear a deafening roar!
The blink frog hits you! x2
There are monsters nearby!
You are too injured to fight recklessly!
The blink frog attacks as you move away!
The blink frog completely misses you.
Your skin crawls.
You feel strong-willed. The blink frog hits you.
* * * LOW HITPOINT WARNING * * *
The blink frog completely misses you.
Unknown command.
A red film seems to cover your vision as you go berserk!
You feel yourself moving faster!
You feel mighty! The blink frog hits you!
* * * LOW HITPOINT WARNING * * *
The blink frog blinks!
The blink frog misses you. x2
You barely miss the blink frog. You bite the blink frog!
The blink frog is moderately wounded.
The hell rat completely misses you. The blink frog misses you.
You mangle the blink frog!!
You kill the blink frog!
Trog accepts your kill. The blink frog completely misses you.
You closely miss the hell rat. Your bite misses the hell rat.
The hell rat completely misses you. x2; The blink frog completely misses you.
You claw the hell rat!
You bite the hell rat, but do no damage.
The hell rat is severely wounded.
The hell rat bites you!
* * * LOW HITPOINT WARNING * * *
You feel drained.
You die...

..##...# ..P ......# #..
.......# ...r..##
#.####......# #
.##.r..###..##......# #####
#####..##...#......# ##P#..
#.r...........# ####.....
##r...........# #........
#PF.......†r†.## ##........
#†r........F@..# ##.........
#Pr.(....r###r.####....).##P.
###..........F.#.#.#.....####
#..r...........##.....## #
#.....................# ###
...................####.###..
#.......[.....P#..## #..####
#...r..........##..# ##..##.
##............###P.######.(#..


You could see 2 blink frogs and 4 hell rats.

Vanquished Creatures
  A boulder beetle (D:10)
  Harold (Lair:1)
  A hydra (Lair:1)
  2 centaur warriors (D:10)
  2 two-headed ogres
  An orc knight (D:10)
  An ugly thing (D:10)
  A manticore (D:10)
  A merfolk siren (Lair:2)
  Joseph (D:9)
  4 cane toads
  A rime drake (Lair:2)
  Maggie (Lair:1)
  An unseen horror (D:6)
  A kobold demonologist (D:11)
  2 komodo dragons (Lair:1)
  3 trolls
  A meliai (D:10)
  3 blink frogs (Lair:2)
  Sigmund (D:3)
  A shadow (D:10)
  A centaur simulacrum (D:10)
  2 wraiths (D:10)
  4 basilisks
  6 wyverns
  Eustachio (D:5)
  22 yaks
  Grum (Lair:1)
  4 vampire mosquitoes (D:11)
  Menkaure (Ossuary)
  6 nagas (Lair:2)
  6 water moccasins
  Pargi (D:3)
  3 ice beasts
  A sky beast (D:7)
  2 black bears
  6 orc warriors
  4 ogres (D:5)
  9 wolves
  2 kobold brigands
  9 bullfrogs
  3 scorpions
  8 wights
  16 killer bees
  A howler monkey (D:5)
  5 electric eels
  A crimson imp (D:8)
  5 hounds
  8 orc priests
  Natasha (thrice) (D:3)
  4 iguanas
  11 orc wizards
  A hell rat (Lair:2)
  3 mummies (Ossuary)
  Robin (D:3)
  6 adders
  A shadow imp (D:6)
  2 white imps
  An ufetubus (D:5)
  3 worms
  3 dart slugs
  42 orcs
  13 ball pythons
  5 endoplasms
  4 giant cockroaches
  19 goblins
  13 hobgoblins
  4 jackals (D:3)
  3 quokkas
  4 bats
  3 frilled lizards
  6 gnoll skeletons (Ossuary)
  3 goblin skeletons (Ossuary)
  2 goblin zombies (Ossuary)
  6 hobgoblin skeletons (Ossuary)
  5 hobgoblin zombies (Ossuary)
  13 kobolds
  4 kobold skeletons (Ossuary)
  5 kobold zombies (Ossuary)
  3 orc skeletons (Ossuary)
  5 orc zombies (Ossuary)
  5 rats
  3 rat skeletons (Ossuary)
  8 rat zombies (Ossuary)
386 creatures vanquished.

Vanquished Creatures (others)
  7 fungi
  13 plants
20 creatures vanquished.

Grand Total: 406 creatures vanquished

Notes
Turn   | Place    | Note
-------+----------+-------------------------------------------
     0 | D:1      | MisterFreud the Felid Berserker began the quest for the
                  | Orb.
     0 | D:1      | Reached XP level 1. HP: 10/10 MP: 2/2
    82 | D:1      | Reached skill level 1 in Stealth
   122 | D:1      | Reached XP level 2. HP: 14/14 MP: 3/3
   712 | D:1      | Found Tuky's Antique Armour Boutique.
   734 | D:1      | Reached ** piety under Trog
   800 | D:2      | Found a sparkling altar of Nemelex Xobeh.
   826 | D:2      | HP: 1/21 [quokka (4)]
   828 | D:2      | Reached XP level 3. HP: 1/17 MP: 4/4
  2075 | D:2      | Found a faded altar of an unknown god.
  2273 | D:2      | Reached XP level 4. HP: 21/21 MP: 5/5
  2387 | D:3      | Noticed Sigmund
  2396 | D:3      | Killed Sigmund
  2397 | D:3      | Reached skill level 5 in Stealth
  2397 | D:3      | Reached skill level 5 in Unarmed Combat
  2397 | D:3      | Reached XP level 5. HP: 24/24 MP: 6/6
  2708 | D:3      | Noticed Natasha
  2717 | D:3      | Killed Natasha
  2718 | D:3      | Gained mutation: You are covered in thick fur. (AC +2)
                  | [Felid growth]
  2718 | D:3      | Reached XP level 6. HP: 16/28 MP: 7/7
  2783 | D:3      | Noticed Natasha
  2790 | D:3      | Killed Natasha
  2945 | D:3      | Noticed Natasha
  2952 | D:3      | Killed Natasha
  3409 | D:3      | Noticed Pargi
  3412 | D:3      | Reached *** piety under Trog
  3417 | D:3      | Killed Pargi
  3511 | D:3      | Noticed Robin
  3522 | D:3      | Killed Robin
  3620 | D:4      | Reached skill level 5 in Dodging
  3756 | D:4      | Found an opulent altar of Gozag.
  3884 | D:4      | Reached XP level 7. HP: 31/31 MP: 8/8
  3892 | D:4      | Reached skill level 6 in Dodging
  4144 | D:4      | Found a sacrificial altar of Ru.
  4210 | D:4      | Noticed diceflayer's ghost (novice DsFi)
  4211 | D:4      | Identified the +10 great mace of Cesmakh {spect, rPois
                  | Str+4 Dex-3}
  4254 | D:4      | Found a transporter.
  4262 | D:4      | Found a transporter.
  4517 | D:5      | Entered Level 5 of the Dungeon
  4544 | D:5      | Found a sand-covered staircase.
  4549 | Ossuary  | Entered an ossuary
  4607 | Ossuary  | Reached **** piety under Trog
  4846 | Ossuary  | Noticed Menkaure
  5176 | Ossuary  | Killed Menkaure
  5177 | Ossuary  | Reached skill level 7 in Dodging
  5369 | D:5      | Reached ***** piety under Trog
  5379 | D:5      | Reached skill level 8 in Dodging
  5505 | D:5      | Reached skill level 9 in Dodging
  5505 | D:5      | Reached XP level 8. HP: 26/34 MP: 9/9
  5703 | D:5      | Reached skill level 10 in Dodging
  6108 | D:5      | Noticed Eustachio
  6127 | D:5      | Killed Eustachio
  6388 | D:6      | Noticed an unseen horror
  6407 | D:6      | Killed an unseen horror
  6516 | D:6      | Reached XP level 9. HP: 39/39 MP: 10/10
  6673 | D:6      | Reached skill level 11 in Dodging
  6802 | D:6      | Identified the +4 short sword of the Thing {venom, rC+
                  | Int+5}
  6930 | D:6      | Reached skill level 5 in Fighting
  7244 | D:7      | Found a sparkling altar of Nemelex Xobeh.
  7884 | D:7      | Found a staircase to the Ecumenical Temple.
  8092 | D:8      | Found Hopnot's Magic Scroll Emporium.
  8123 | D:8      | Reached skill level 12 in Dodging
  8319 | D:8      | Found a glowing silver altar of Zin.
  8362 | D:8      | Found Lompos's Jewellery Boutique.
  8499 | D:8      | Found Behil's Jewellery Shoppe.
  8523 | D:8      | Reached XP level 10. HP: 45/45 MP: 11/11
  8607 | D:8      | Found an iron altar of Okawaru.
  8749 | D:8      | Found Ukluowk's Antique Armour Boutique.
  8950 | D:8      | Reached skill level 10 in Stealth
  8969 | D:8      | Found a burning altar of Makhleb.
  9260 | D:9      | Found Emius's Weapon Boutique.
  9279 | D:9      | Noticed a two-headed ogre
  9332 | D:9      | Killed a two-headed ogre
  9333 | D:9      | Reached skill level 10 in Unarmed Combat
  9333 | D:9      | Reached skill level 1 in Evocations
  9371 | D:9      | Found Soxtocaoqu's Book Emporium.
  9382 | D:9      | Found Kaupn's Antique Weapon Emporium.
  9473 | D:9      | Found a radiant altar of Vehumet.
  9500 | D:9      | Found a broken altar of Ashenzari.
  9579 | D:9      | Found Qanum's Distillery.
  9608 | D:9      | Found Odog's Jewellery Boutique.
  9710 | D:9      | Noticed Joseph
  9806 | D:9      | Found a hazy altar of Hepliaklqana.
  9933 | D:9      | Killed Joseph
  9934 | D:9      | Reached skill level 13 in Dodging
 10015 | D:9      | Reached skill level 5 in Evocations
 10062 | D:9      | Reached XP level 11. HP: 42/48 MP: 12/12
 10495 | D:10     | Entered Level 10 of the Dungeon
 10534 | D:10     | Noticed a centaur warrior
 10535 | D:10     | Noticed a cyan ugly thing
 10535 | D:10     | Noticed a cyan ugly thing
 10536 | D:10     | Noticed a centaur warrior
 10538 | D:10     | Noticed an orc knight
 10541 | D:10     | Noticed a boulder beetle
 10542 | D:10     | Slain by a centaur warrior
 10543 | D:10     | Reached XP level 10. HP: 0/67 MP: 11/11
 10759 | D:10     | Killed a white ugly thing
 10805 | D:11     | Found a staircase to the Orcish Mines.
 10834 | D:10     | Slain by a centaur warrior
 10835 | D:10     | Reached XP level 9. HP: -3/41 MP: 10/10
 10906 | D:10     | Killed a centaur warrior
 10908 | D:10     | Reached skill level 14 in Dodging
 10966 | D:10     | Killed an orc knight
 11089 | D:10     | Killed a centaur warrior
 11090 | D:10     | Reached XP level 10. HP: 22/45 MP: 11/11
 11116 | D:10     | Found an ornate altar of the Wu Jian Council.
 11165 | D:10     | Noticed a manticore
 11203 | D:10     | Noticed a two-headed ogre
 11217 | D:10     | Killed a two-headed ogre
 11506 | D:10     | Killed a boulder beetle
 11507 | D:10     | Reached skill level 15 in Dodging
 11553 | D:10     | Noticed a manticore
 11559 | D:10     | Killed a manticore
 11697 | D:11     | Found a runed translucent door.
 11697 | D:11     | Noticed p0werm0de's ghost (novice MeEE)
 11896 | D:11     | Identified the +4 flail "Huczu" {speed, Will+ Dex+4}
 11979 | D:11     | Reached XP level 11. HP: 43/48 MP: 12/12
 11986 | D:11     | Reached skill level 10 in Evocations
 12209 | D:11     | Found a staircase to the Lair.
 12652 | Lair:1   | Entered Level 1 of the Lair of Beasts
 12819 | Lair:1   | Noticed Grum
 12826 | Lair:1   | Killed Grum
 12975 | Lair:1   | Noticed a seven-headed hydra
 12983 | Lair:1   | Killed a seven-headed hydra
 12992 | Lair:1   | Noticed Maggie
 13036 | Lair:1   | Killed Maggie
 13133 | Lair:1   | Noticed Harold
 13140 | Lair:1   | Killed Harold
 13284 | Lair:1   | Reached skill level 10 in Fighting
 13802 | Lair:2   | Found a staircase to the Snake Pit.
 13987 | Lair:2   | Gained mutation: Your thick and shaggy fur keeps you warm.
                  | (AC +3, rC+) [Felid growth]
 13987 | Lair:2   | Reached XP level 12. HP: 58/58 MP: 13/13
 14016 | Lair:2   | Slain by a hell rat
 14017 | Lair:2   | Reached XP level 11. HP: -1/72 MP: 12/12
 14464 | Lair:2   | Found a staircase to the Shoals.
 14578 | Lair:2   | Slain by a hell rat

Illustrated notes

Levels and vault maps discovered:
D:1:      dpeg_arrival_morbid_curiosity, layout_basic, serial_shops,
          nicolae_shop_advertising_works [nicolae_subvault_shop_adworks],
          minmay_tromino_v4_a
D:2:      layout_rooms, nicolae_ecumenical_oubliette, basic_altar
D:3:      layout_basic, uniq_robin, uniq_sigmund, uniq_pargi, uniq_natasha
D:4:      layout_loops_ring, kennysheep_mini_moat,
          mainiacjoe_overflow_concentric_impassable, gammafunk_ghost_smash,
          hangedman_abyss_or_decor_lesser_grid
D:5:      layout_basic, enter_ossuary_2, uniq_eustachio
D:6:      layout_rooms, lightli_minifort
D:7:      layout_loops_corners, nemelex_xobeh_ov_fountains_minmay,
          minmay_temple_entry_proselytizer
D:8:      layout_loops_corners, makhleb_grotto_becter,
          mainiacjoe_overflow_brackets, mainiacjoe_overflow_alcove_1,
          serial_shops, nicolae_take_the_stairs, shop, shop, shop,
          dk_noncrumbling_2, minivault_11
D:9:      layout_basic, nicolae_overflow_hidden_temple,
          worldfamousw_hep_ancestral_shrine, lemuel_doored_altar, serial_shops,
          nicolae_shop_stone, nicolae_shop_bloodbath_and_beyond,
          nicolae_shop_temple_entry_statues_fountains,
          nicolae_shop_behind_doors, nicolae_shop_window_shopping,
          enter_bailey_3, uniq_joseph
D:10:     minmay_the_grid_octo_2x2 [minmay_the_grid_octo_vomiting_pacman,
          minmay_the_grid_octo_tetromino_candy, minmay_the_grid_octo_teeth,
          minmay_the_grid_octo_prize_square_snowflake], layout_loops_cross,
          reono_crystal_passage
D:11:     layout_loops_ring, minmay_lair_entry_grove, orc_0_dummy,
          ebering_ghost_inner_flame, kennysheep_cluttered_room, chequers_garden
Lair:1:   layout_cave_pods, uniq_grum, uniq_maggie, uniq_harold
Lair:2:   layout_layer_cave, minmay_shoals_entry_lonely_mermaid,
          minmay_snake_entry_guardpost_medium

Skill      XL: |  1  2  3  4  5  6  7  8  9 10 11 |
---------------+----------------------------------+-----
Stealth        | 1 2 3 5 6 7 9 10 | 10.0
Unarmed Combat | 4 5 6 8 10 | 10.8
Dodging        | 5 9 10 14 15 | 15.8
Fighting       | 4 6 10 | 10.0
Evocations     | 7 9 10 | 10.0

Action                   |  1- 3 |  4- 6 |  7- 9 | 10-12 || total
-------------------------+-------+-------+-------+-------++-------
Melee: Unarmed           |   114 |    78 |   468 |   627 ||  1287
       Bite              |     7 |     6 |    68 |    93 ||   174
       Punch             |     1 |     2 |    30 |    53 ||    86
Invok: Berserk           |     1 |     4 |    11 |    24 ||    40
       Trog's Hand       |       |       |     2 |     9 ||    11
       Brothers in Arms  |       |       |       |     1 ||     1
  Use: Scroll            |     4 |     3 |    12 |     5 ||    24
 Stab: Sleeping          |     7 |    10 |    19 |    15 ||    51
       Distracted        |       |       |     1 |     1 ||     2
Armor: Skin              |     9 |     5 |     8 |    10 ||    32
Dodge: Dodged            |   106 |    51 |   319 |   719 ||  1195
